 Dungeon Crawl Stone Soup version 0.29-a0-775-g4d7333d4e2 (webtiles) character file.

Game seed: 4020983861392881110

2 purpskrrrp the Sneak (level 1, -1/20 HPs)
             Began as a Hill Orc Delver on July 1, 2022.
             Slain by a worm (8 damage)
             ... on level 4 of the Dungeon.
             The game lasted 00:00:40 (29 turns).

purpskrrrp the Sneak (Hill Orc Delver)                Turns: 29, Time: 00:00:40

Health: -1/20      AC:  3    Str: 14    XL:     1   Next: 40%
Magic:  1/1        EV: 11    Int: 10    God:
Gold:   0          SH:  0    Dex: 12    Spells: 0/0 levels left

rFire   . . .      SeeInvis .   a - +0 hand axe
rCold   . . .      Faith    .   (no shield)
rNeg    . . .      Spirit   .   b - +0 leather armour
rPois   .          Reflect  .   (no helmet)
rElec   .          Harm     .   (no cloak)
rCorr   .          Rampage  .   (no gloves)
Will    .....                   (no boots)
Stlth   ++........              (no amulet)
HPRegen 0.06/turn               (no ring)
MPRegen 0.07/turn               (no ring)

@: no status effects
A: no striking features
a: no special abilities


You were on level 4 of the Dungeon.
You visited 1 branch of the dungeon, and saw 2 of its levels.

Inventory:

Hand Weapons
 a - a +0 hand axe (weapon)
Armour
 b - a +0 leather armour (worn)
Wands
 g - a wand of digging (3)
Scrolls
 c - a scroll of fog
 d - a scroll of magic mapping
 e - a scroll of fear
Potions
 f - a potion of haste


   Skills:
 + Level 3.6 Fighting
 + Level 2.7 Axes
 + Level 1.5 Dodging
 + Level 4.2 Stealth


You couldn't memorise any spells.
You didn't know any spells.
Your spell library was empty.

Dungeon Overview and Level Annotations

Branches:
Dungeon (5/15)
 Temple: D:4-7

Altars:


Message History

The black bear moves out of view.
There is an open door here.
The jackal bites you but does no damage.
There is an open door here.
The jackal barely misses you. x2
There is a stone staircase leading up here.
The jackal barely misses you. The jackal bites you.
You climb upwards.
You hear the sound of rushing water.
There is an entrance to a sewer on this level.
Hurry and find it before the portal rusts away!
Found 5 stones and 11 gold pieces.
Found a stone staircase leading up and a stone staircase leading down.
There is a stone staircase leading down here.
You barely miss the jackal. You completely miss the jackal.
The jackal misses you. The jackal bites you. The jackal barely misses you.
The jackal bites you but does no damage.
You closely miss the jackal. x2; The jackal barely misses you.
The jackal misses you. The jackal barely misses you.
The jackal bites you but does no damage.
You hit the jackal.
The jackal is severely wounded.
You hit the jackal but do no damage. You barely miss the worm.
The jackal bites you. The jackal misses you. The worm bites you.
You hit the jackal.
You kill the jackal!
You hit the worm. You closely miss the jackal.
The jackal closely misses you. x2
The jackal barely misses you. The worm bites you.
You see here a jackal corpse.
The jackal barely misses you. The jackal closely misses you.
Found 7 gold pieces.
You hit the jackal.
The jackal is heavily wounded.
The jackal bites you. The jackal completely misses you.
You slash the jackal!
You kill the jackal!
You hit the worm. The worm bites you.
You hit the worm.
The worm is moderately wounded.
The worm bites you!
You die...

..... ##...#
##....#####
##.......$.
###........###..
#..(..<.......#
#.....w..#
#....@†>#
##...#..#
##.##..# #. #..#
#. #..# .$ #..#
## #..# ..>.


You could see a worm.

Vanquished Creatures
  2 jackals (D:4)
2 creatures vanquished.

Notes
Turn   | Place    | Note
-------+----------+-------------------------------------------
     0 | D:5      | purpskrrrp the Hill Orc Delver began the quest for the Orb.
     0 | D:5      | Reached XP level 1. HP: 19/19 MP: 1/1
    13 | D:5      | Noticed a black bear
    29 | D:4      | Slain by a worm

Illustrated notes

Levels and vault maps discovered:
D:4:      layout_loops_ring, mainiacjoe_overflow_alcove_3,
          minmay_temple_entry_large_hall, portal_sewer_entry_d, serial_shops,
          nicolae_shop_window_shopping
D:5:      layout_gridville, mainiacjoe_overflow_small_starburst,
          lemuel_doored_altar, mainiacjoe_overflow_concentric_impassable,
          kennysheep_mini_moat, uniq_eustachio, uniq_duvessa, uniq_sigmund,
          uniq_blork_the_orc, uniq_pikel

Action                   || total
-------------------------++-------
Melee: Hand axe          ||     7
Armor: Leather armour    ||     3
Dodge: Dodged            ||    15

Table legend: (Time is in decaauts)
 A = Elapsed time spent in this place.
 B = Non-inter-level travel time spent in this place.
 C = Inter-level travel time spent in this place.
 D = Time resting spent in this place.
 E = Time spent auto-exploring this place.
 F = Levels seen in this place.
 G = Mean time per level.
                   A        B        C        D        E       F      G
               +--------+--------+--------+--------+--------+-----+--------+
         Total |     29 |     29 |      0 |      0 |      8 |   2 |   14.5 |
       Dungeon |     29 |     29 |      0 |      0 |      8 |   2 |   14.5 |
               +--------+--------+--------+--------+--------+-----+--------+

Top non-repeatable levels by time:
     D:5: 18 daAuts
     D:4: 11 daAuts
